[Event "Titled Tuesday Blitz January 03 Early 2023"]
[White "Ezat, Mohamed"]
[Black "Moreno Perez, Tobias Sebastian"]
[WhiteFideId "10600906"]
[BlackFideId "186716"]
[WhiteElo "2402"]
[BlackElo "2256"]
[Result "1-0"]
[Round "11"]
[TimeControl "180+2"]
[Date "2023.01.03"]
[WhiteClock "0:00:15"]
[BlackClock "0:00:01"]

1. e4 c6 2. Nf3 d5 3. exd5 cxd5 4. d4 Nf6 5. Ne5 g6 6. Bb5+ Nbd7 7. O-O Bg7 8. Re1 O-O 9. Bg5 Nb6 10. Nc3 Be6 11. a4 Rc8 12. a5 a6 13. Bd3 Nc4 14. Bxc4 dxc4 15. Qd2 Re8 16. h3 Nd5 17. Nxd5 Qxd5 18. Bf4 Red8 19. c3 Qb5 20. Qe2 Bd5 21. Bg3 Re8 22. Ng4 h5 23. Ne3 e6 24. Be5 Bxe5 25. dxe5 Be4 26. g4 Bd3 27. Qf3 Qc6 28. Qf4 h4 29. f3 Red8 30. g5 Bf5 31. Nxf5 exf5 32. e6 fxe6 33. Re3 Rd2 34. Rae1 Qc5 35. Qxh4 Rcd8 36. Qh6 Qc7 37. Qxg6+ Kh8 38. Qh6+ Kg8 39. Qxe6+ 1-0


[Site "https://www.chess.com"]

[Event "Titled Tuesday Blitz January 03 Early 2023"]
[White "Batsiashvili, Nino"]
[Black "Andreev, Eduard"]
[WhiteFideId "13602993"]
[BlackFideId "14103400"]
[WhiteElo "2467"]
[BlackElo "2413"]
[Result "1-0"]
[Round "11"]
[TimeControl "180+2"]
[Date "2023.01.03"]
[WhiteClock "0:00:18"]
[BlackClock "0:00:06"]

1. d4 Nf6 2. c4 g6 3. Nc3 d5 4. cxd5 Nxd5 5. e4 Nxc3 6. bxc3 Bg7 7. Nf3 c5 8. h3 O-O 9. Be3 Qa5 10. Qd2 Rd8 11. Rd1 Nc6 12. Be2 b6 13. O-O Bb7 14. d5 Bxc3 15. Qc2 Nd4 16. Nxd4 cxd4 17. Bxd4 Bxd4 18. Rxd4 Rac8 19. Qb2 Ba6 20. Bxa6 Qxa6 21. e5 Rc5 22. Rfd1 Qb5 23. Qd2 a5 24. a4 Qa6 25. Qh6 Qe2 26. Rh4 Qxd1+ 27. Kh2 Qh5 28. Rxh5 gxh5 29. e6 Rcxd5 30. exf7+ Kxf7 31. Qxh7+ Kf8 32. Qh6+ Kg8 33. Qxb6 R8d6 34. Qe3 Kf7 35. f4 Rd4 36. f5 h4 37. Qb3+ Kf6 38. Qc3 Rd5 39. g4 hxg3+ 40. Kxg3 Kxf5 41. Qc8+ Ke5 42. h4 Rxa4 43. Qc7+ Rd6 44. Qxe7+ Kd5 45. h5 Re4 46. Qb7+ Kd4 47. Qa7+ Kc4 48. Qxa5 Rd3+ 49. Kf2 Rd5 50. Qa4+ Kd3 51. Qb3+ Kd4 52. Qb2+ Kc5 53. Qc2+ Kd4 54. h6 Rh5 55. Qd1+ Ke5 56. Qxh5+ Kd4 57. h7 Rf4+ 58. Kg3 Rf8 59. h8=Q+ Rxh8 60. Qxh8+ 1-0


[Site "https://www.chess.com"]

[Event "Titled Tuesday Blitz January 03 Early 2023"]
[White "Mica, Marek"]
[Black "Gressmann, Moritz"]
[WhiteFideId "382884"]
[BlackFideId "24695084"]
[WhiteElo "2256"]
[BlackElo "2129"]
[Result "1-0"]
[Round "11"]
[TimeControl "180+2"]
[Date "2023.01.03"]
[WhiteClock "0:00:16"]
[BlackClock "0:00:17"]

1. d4 Nf6 2. c4 g6 3. Nc3 Bg7 4. e4 d6 5. h3 O-O 6. Be3 e5 7. d5 c6 8. g4 cxd5 9. cxd5 Nbd7 10. Nge2 b6 11. Ng3 Nc5 12. f3 Nfd7 13. h4 Ba6 14. Bxa6 Nxa6 15. h5 Ndc5 16. Qd2 Nb4 17. Qh2 Ncd3+ 18. Kd2 Nxb2 19. hxg6 Nc4+ 20. Ke2 fxg6 21. Qxh7+ Kf7 22. Nf5 gxf5 23. Qh5+ Ke7 24. Bg5+ Bf6 25. Qh7+ Ke8 26. Qg6+ Kd7 27. Rh7+ Kc8 28. Bh6 fxe4 29. Nxe4 Nxd5 30. Rc1 Nf4+ 31. Bxf4 exf4 32. Rxc4+ Kb8 33. Qf5 Be7 34. Qd5 a5 35. Rc6 Re8 36. Qb5 Ka7 37. Nxd6 Rb8 38. Nxe8 Qxe8 39. Rc7+ Rb7 40. Rxb7+ Kxb7 41. Qxe8 1-0


[Site "https://www.chess.com"]

[Event "Titled Tuesday Blitz January 03 Early 2023"]
[White "Mei, Austin"]
[Black "Viskelis, Darius"]
[WhiteFideId "30948479"]
[BlackFideId "12800830"]
[WhiteElo "2218"]
[BlackElo "2166"]
[Result "1-0"]
[Round "11"]
[TimeControl "180+2"]
[Date "2023.01.03"]
[WhiteClock "0:00:59"]
[BlackClock "0:00:02"]

1. e4 c5 2. Nf3 g6 3. d4 cxd4 4. Nxd4 Bg7 5. Nc3 Nc6 6. Be3 Nf6 7. f3 O-O 8. Bc4 Qb6 9. Qd2 Ng4 10. Nxc6 Qxe3+ 11. Qxe3 Nxe3 12. Nxe7+ Kh8 13. Bb3 Bxc3+ 14. bxc3 Nxg2+ 15. Kf2 Nf4 16. Ke3 Ng2+ 17. Kd4 d6 18. h4 h5 19. Rag1 Nf4 20. Ke3 Ne6 21. f4 Nc5 22. f5 Re8 23. f6 Be6 24. Rg5 Bxb3 25. axb3 Nd7 26. Rhg1 Nxf6 27. Nxg6+ fxg6 28. Rxg6 Ng4+ 29. Kd4 Kh7 30. Rg5 Kh6 31. Ra1 Re5 32. Ra5 b6 33. Rd5 Rd8 34. c4 Rxg5 35. Rxg5 Ne5 36. Kd5 Nf3 37. Rf5 Nxh4 38. Rf7 Ng6 39. Rxa7 h4 40. Kc6 h3 41. Ra1 Kg5 42. Kxb6 Nf4 43. Kc7 Rh8 44. Kxd6 h2 45. Rh1 Ne2 46. c5 Ng3 47. Rxh2 Rxh2 48. c4 Nxe4+ 49. Kd5 Nf6+ 50. Kd6 Rd2+ 51. Ke6 Ne4 52. c6 Rd6+ 53. Ke5 Rxc6 54. Kxe4 Rb6 55. c5 Rxb3 56. Ke5 Rc3 57. Kd6 Kf6 58. c6 Rd3+ 59. Kc7 Ke6 60. Kb7 Rb3+ 61. Kc7 Kd5 62. Kd7 1-0


[Site "https://www.chess.com"]

[Event "Titled Tuesday Blitz January 03 Early 2023"]
[White "Torres Dominguez, David"]
[Black "Tran, Thanh Tu"]
[WhiteFideId "2220857"]
[BlackFideId "12401404"]
[WhiteElo "1994"]
[BlackElo "2412"]
[Result "1-0"]
[Round "11"]
[TimeControl "180+2"]
[Date "2023.01.03"]
[WhiteClock "0:01:36"]
[BlackClock "0:00:39"]

1. e4 Nc6 2. Nc3 d6 3. Bc4 Nf6 4. d3 g6 5. f4 Bg7 6. Nf3 O-O 7. O-O Na5 8. Bb3 c5 9. Qe1 Rb8 10. Qh4 b5 11. f5 c4 12. dxc4 bxc4 13. Ba4 e6 14. Bg5 Rxb2 15. Rad1 exf5 16. Nd5 fxe4 17. Nxf6+ Bxf6 18. Bxf6 Qb6+ 19. Bd4 1-0


[Site "https://www.chess.com"]

[Event "Titled Tuesday Blitz January 03 Early 2023"]
[White "djokovic74"]
[Black "Guliev, Logman"]
[BlackFideId "13400061"]
[WhiteElo "2575"]
[BlackElo "2250"]
[Result "1-0"]
[Round "11"]
[TimeControl "180+2"]
[Date "2023.01.03"]
[WhiteClock "0:00:42"]
[BlackClock "0:00:01"]

1. e4 c5 2. Nf3 d6 3. d4 cxd4 4. Nxd4 Nf6 5. Nc3 Nc6 6. Be2 e5 7. Nf3 h6 8. O-O Be7 9. Re1 O-O 10. h3 a6 11. Bf1 Qc7 12. b3 b5 13. Bb2 Bb7 14. a4 b4 15. Na2 a5 16. c3 bxc3 17. Nxc3 Nb4 18. Rc1 Qb6 19. Bc4 Rfd8 20. Qe2 Nxe4 21. Nxe4 d5 22. Nxe5 dxc4 23. Nxc4 Qg6 24. Ne5 Qe6 25. Ng3 Bf6 26. Rc5 Qxb3 27. Rc7 Qd5 28. f3 Re8 29. f4 Nd3 30. Rf1 Nxb2 31. Qxb2 Rxe5 32. fxe5 Bxe5 33. Qxb7 Qd4+ 34. Kh1 Bxc7 35. Qxa8+ Kh7 36. Qe4+ 1-0


[Site "https://www.chess.com"]

[Event "Titled Tuesday Blitz January 03 Early 2023"]
[White "Mazurkiewicz, Michal"]
[Black "Janaszak, Dawid"]
[WhiteFideId "1124943"]
[BlackFideId "1119206"]
[WhiteElo "2145"]
[BlackElo "2316"]
[Result "1-0"]
[Round "11"]
[TimeControl "180+2"]
[Date "2023.01.03"]
[WhiteClock "0:00:12"]
[BlackClock "0:00:19"]

1. e4 e5 2. Nf3 Nc6 3. d3 Nf6 4. g3 Bc5 5. Bg2 O-O 6. O-O d5 7. exd5 Nxd5 8. Nc3 Nde7 9. a3 Bg4 10. h3 Bh5 11. b4 Bb6 12. g4 Bg6 13. Na4 f5 14. c4 fxg4 15. hxg4 Bxd3 16. c5 Bxf1 17. Qxf1 Kh8 18. cxb6 axb6 19. Nc3 Ng6 20. Bg5 Qe8 21. Nd5 Qf7 22. Nd2 Nd4 23. Be3 Nf4 24. Nxf4 exf4 25. Bxd4 Rad8 26. Nf3 Qg6 27. Re1 Qxg4 28. Re7 Rxd4 29. Nxd4 f3 30. Nxf3 h6 31. Qe2 Rf6 32. Re8+ Kh7 33. Qe4+ Qxe4 34. Rxe4 Rc6 35. Re7 Rc1+ 36. Kh2 Rc3 37. Ne5 h5 38. Be4+ Kh6 39. f4 h4 40. Re6+ g6 41. Rxg6+ Kh5 42. Rg5+ 1-0


[Site "https://www.chess.com"]

[Event "Titled Tuesday Blitz January 03 Early 2023"]
[White "MKlose11"]
[Black "Shubenkova, Veronika"]
[BlackFideId "44124040"]
[WhiteElo "2554"]
[BlackElo "1960"]
[Result "1-0"]
[Round "11"]
[TimeControl "180+2"]
[Date "2023.01.03"]
[WhiteClock "0:01:56"]
[BlackClock "0:01:02"]

1. e4 c6 2. Nc3 d5 3. g3 g6 4. Bg2 d4 5. Nce2 Bg7 6. d3 e5 7. f4 Ne7 8. Nf3 Nd7 9. fxe5 c5 10. e6 fxe6 11. O-O O-O 12. Ng5 Nf6 13. Bh3 e5 14. Be6+ Kh8 15. Nf7+ Rxf7 16. Bxf7 Bh3 17. Rf3 Bg4 18. Rf2 Qd7 19. Bb3 b5 20. Bg5 Neg8 21. a4 c4 22. Ba2 a6 23. Qd2 Qc6 24. Kg2 h5 25. h3 Bd7 26. Qa5 Nh7 27. Bd2 Qe6 28. Ng1 Qc6 29. Bb1 Rb8 30. axb5 axb5 31. Qa6 Rb6 32. Qa8 Qe6 33. Ra7 cxd3 34. cxd3 Nf6 35. Ba2 Qd6 36. Rxf6 1-0


[Site "https://www.chess.com"]

[Event "Titled Tuesday Blitz January 03 Early 2023"]
[White "Gurevich, Dmitry"]
[Black "Sreyas Payyappat"]
[WhiteFideId "2000407"]
[BlackFideId "46674969"]
[WhiteElo "2393"]
[BlackElo "2076"]
[Result "0-1"]
[Round "11"]
[TimeControl "180+2"]
[Date "2023.01.03"]
[WhiteClock "0:00:25"]
[BlackClock "0:01:47"]

1. d4 Nf6 2. c4 c5 3. Nf3 e6 4. Nc3 cxd4 5. Nxd4 Nc6 6. a3 d5 7. cxd5 exd5 8. Bg5 Be6 9. e3 Bc5 10. Bb5 Rc8 11. O-O O-O 12. Nb3 Bd6 13. h3 a6 14. Be2 h6 15. Bxf6 Qxf6 16. Bf3 Rfd8 17. Rc1 Qe5 18. Re1 Qh2+ 19. Kf1 d4 20. Nd5 Ne5 21. Nf4 Rxc1 22. Nxc1 Bc4+ 23. Ncd3 Nxf3 24. gxf3 Bxf4 25. exf4 Bxd3+ 26. Qxd3 Qh1+ 0-1


[Site "https://www.chess.com"]

[Event "Titled Tuesday Blitz January 03 Early 2023"]
[White "Pandey Srishti"]
[Black "Iljin, Timofey"]
[WhiteFideId "35093290"]
[BlackFideId "14110180"]
[WhiteElo "2188"]
[BlackElo "2329"]
[Result "0-1"]
[Round "11"]
[TimeControl "180+2"]
[Date "2023.01.03"]
[WhiteClock "0:00:01"]
[BlackClock "0:01:59"]

1. d4 d5 2. c4 e6 3. Nf3 dxc4 4. e4 b5 5. a4 c6 6. Nc3 Bb4 7. Bd2 a6 8. b3 Nf6 9. axb5 cxb5 10. bxc4 Bxc3 11. Bxc3 Nxe4 12. Bb4 Nc6 13. Bd3 Nxf2 14. Kxf2 Nxb4 15. cxb5 Nxd3+ 16. Qxd3 O-O 17. bxa6 Qd6 18. Rhc1 Bxa6 19. Qe3 Bb7 20. Ne5 Qd5 21. Nf3 Ra2+ 22. Rxa2 Qxa2+ 23. Kg1 Qa8 24. Nh4 Rd8 25. Rd1 h6 26. h3 Bd5 27. Rd2 Qa1+ 28. Kh2 Qc1 29. Qf2 g5 30. Nf3 Bxf3 31. gxf3 Rd5 32. f4 Kg7 0-1


[Site "https://www.chess.com"]

[Event "Titled Tuesday Blitz January 03 Early 2023"]
[White "ArchibaldCerveza29"]
[Black "Topalov, Aleksandar"]
[BlackFideId "925659"]
[WhiteElo "2510"]
[BlackElo "2233"]
[Result "1-0"]
[Round "11"]
[TimeControl "180+2"]
[Date "2023.01.03"]
[WhiteClock "0:00:17"]
[BlackClock "0:00:01"]

1. d4 Nf6 2. Nf3 g6 3. b3 Bg7 4. Bb2 O-O 5. e3 d6 6. Be2 Nbd7 7. O-O e5 8. dxe5 Ng4 9. c4 Ngxe5 10. Nxe5 Nxe5 11. Nc3 Re8 12. Qd2 a5 13. Rad1 Be6 14. h3 a4 15. f4 Nc6 16. Nxa4 Bxb2 17. Qxb2 Qh4 18. Rf3 h5 19. Nc3 Bg4 20. hxg4 hxg4 21. g3 Qh3 22. Rf2 Qxg3+ 23. Rg2 Qxe3+ 24. Kf1 Qxf4+ 25. Rf2 Qg3 26. Nd5 Re5 27. Nf6+ Kf8 28. Nd7+ Ke7 29. Nxe5 Nxe5 30. Qd4 Rh8 31. Rg2 Rh1+ 32. Rg1 Qh3+ 33. Ke1 Qh4+ 34. Kd2 Rh2 35. Qe3 Kd8 36. Kc1 g3 37. c5 g2 38. cxd6 cxd6 39. Qxe5 1-0


[Site "https://www.chess.com"]

[Event "Titled Tuesday Blitz January 03 Early 2023"]
[White "Reprintsev, Alexander"]
[Black "Forgacs, Attila Jr."]
[WhiteFideId "14100541"]
[BlackFideId "773654"]
[WhiteElo "2253"]
[BlackElo "2264"]
[Result "0-1"]
[Round "11"]
[TimeControl "180+2"]
[Date "2023.01.03"]
[WhiteClock "0:01:32"]
[BlackClock "0:00:51"]

1. e4 e5 2. f4 exf4 3. Bc4 Qh4+ 4. Kf1 d6 5. Nf3 Qh6 6. Nc3 Nf6 7. Qe2 Nc6 8. d4 Nh5 9. Kf2 Ng3 10. hxg3 Qxh1 11. gxf4 Bg4 12. Bb5 Bxf3 13. Qxf3 a6 14. Bxc6+ bxc6 15. b3 Be7 16. Bb2 Qh4+ 17. Kg1 O-O 18. Ne2 f5 19. e5 d5 20. c4 Rad8 21. Rc1 g5 22. fxg5 Bxg5 23. Rf1 dxc4 24. bxc4 c5 25. Qc6 Be3+ 0-1


[Site "https://www.chess.com"]

[Event "Titled Tuesday Blitz January 03 Early 2023"]
[White "Melikhov, Evgeny V."]
[Black "Bazarov, Konstantin"]
[WhiteFideId "4122046"]
[BlackFideId "4137000"]
[WhiteElo "2269"]
[BlackElo "2235"]
[Result "1/2-1/2"]
[Round "11"]
[TimeControl "180+2"]
[Date "2023.01.03"]
[WhiteClock "0:00:16"]
[BlackClock "0:00:39"]

1. d4 Nf6 2. c4 b6 3. Nc3 Bb7 4. d5 e6 5. e4 Bb4 6. f3 exd5 7. cxd5 O-O 8. Be2 Bxc3+ 9. bxc3 d6 10. Nh3 Nbd7 11. O-O Nc5 12. Nf2 h6 13. Nd3 Nfd7 14. Nxc5 Nxc5 15. Qd4 Nd7 16. Bb5 a6 17. Bxd7 Qxd7 18. c4 Qe7 19. Bb2 f6 20. f4 Rae8 21. Rae1 Bc8 22. Rf3 Bd7 23. Rfe3 Qf7 24. h3 Re7 25. Kh2 Rfe8 26. e5 fxe5 27. fxe5 dxe5 28. Rxe5 Rxe5 29. Rxe5 Rxe5 30. Qxe5 Bf5 31. a4 a5 32. Bd4 Bc2 33. c5 bxc5 34. Bxc5 Bxa4 35. d6 cxd6 36. Qxd6 Bd7 37. Bd4 a4 38. Qe5 Kh7 39. Bb2 Qg6 40. Qg3 Qxg3+ 41. Kxg3 g5 42. h4 Kg6 43. hxg5 hxg5 44. Kf2 Kf5 45. Ke3 Bc6 46. g3 Ke6 47. Kd4 Be8 48. Bc1 Kf5 49. Bxg5 Kxg5 50. Kc3 Kg4 51. Kb2 Kf3 52. Ka1 Bf7 53. g4 Kxg4 54. Kb2 Kf4 55. Ka1 Ke3 56. Kb2 Kd4 57. Ka1 Kc4 58. Kb2 Kb4 59. Ka1 a3 60. Kb1 Kb3 61. Ka1 Be6 62. Kb1 a2+ 63. Ka1 Kb4 64. Kb2 Bd5 65. Ka1 Ka4 1/2-1/2


[Site "https://www.chess.com"]

[Event "Titled Tuesday Blitz January 03 Early 2023"]
[White "Chernov, Mikhail"]
[Black "Lehtosaari, Mauri"]
[WhiteFideId "24143170"]
[BlackFideId "501999"]
[WhiteElo "2205"]
[BlackElo "2176"]
[Result "1-0"]
[Round "11"]
[TimeControl "180+2"]
[Date "2023.01.03"]
[WhiteClock "0:00:11"]
[BlackClock "0:00:05"]

1. e4 c5 2. Nf3 e6 3. d4 cxd4 4. Nxd4 Nc6 5. Be2 Nge7 6. O-O Nxd4 7. Qxd4 Nc6 8. Qd3 b6 9. c4 Bb7 10. Nc3 d6 11. Qg3 h5 12. Be3 h4 13. Qh3 Be7 14. Rad1 Ne5 15. f4 Ng6 16. f5 exf5 17. Qxf5 Ne5 18. Nd5 Bc8 19. Qf2 Be6 20. h3 Rc8 21. Bd4 Bg5 22. Nxb6 axb6 23. Bxe5 dxe5 24. Rxd8+ Bxd8 25. b3 Be7 26. Kh1 Bc5 27. Qe1 g5 28. Bg4 Bxg4 29. hxg4 h3 30. Rf5 hxg2+ 31. Kxg2 Bd4 32. Rxg5 Rc6 33. Rh5 Rg8 34. Kh3 Rf6 35. Rf5 Rh6+ 36. Rh5 Rf6 37. Qe2 Rf4 38. Rf5 Rh8+ 39. Kg3 Rxf5 40. exf5 Ke7 41. Qe4 Rd8 42. g5 Rg8 43. f6+ Kd7 44. Kg4 Rd8 45. Qb7+ Kd6 46. Qxf7 Rd7 47. Qd5+ Kc7 48. Qg8 e4 49. f7 Bc5 50. f8=Q e3 51. Qb8+ 1-0


[Site "https://www.chess.com"]

[Event "Titled Tuesday Blitz January 03 Early 2023"]
[White "Rangel, Daniel"]
[Black "Vifleemskaia, Svetlana"]
[WhiteFideId "2124475"]
[BlackFideId "4129490"]
[WhiteElo "2207"]
[BlackElo "1971"]
[Result "1-0"]
[Round "11"]
[TimeControl "180+2"]
[Date "2023.01.03"]
[WhiteClock "0:00:40"]
[BlackClock "0:00:13"]

1. c4 c5 2. g3 Nf6 3. Bg2 d5 4. Nc3 d4 5. Nd5 Nxd5 6. cxd5 e6 7. dxe6 fxe6 8. d3 e5 9. Nf3 Bd6 10. O-O O-O 11. Qb3+ Kh8 12. Ng5 Qc7 13. Bd5 h6 14. Nf7+ Kh7 15. Be4+ g6 16. Nxh6 Nc6 17. h4 Bf5 18. Nxf5 gxf5 19. Bg2 Rae8 20. Bg5 e4 21. dxe4 fxe4 22. Qc2 d3 23. exd3 Nb4 24. Qd1 exd3 25. a3 Bxg3 26. axb4 Bxf2+ 27. Rxf2 Rxf2 28. Qh5+ Kg7 29. Bh6+ Kf6 30. Bg5+ Kg7 31. Qh6+ Kf7 32. Qh7+ Ke6 33. Qxc7 1-0


[Site "https://www.chess.com"]

[Event "Titled Tuesday Blitz January 03 Early 2023"]
[White "Matveeva, Olga"]
[Black "Mohammed, Zozek Salah Mohammed"]
[WhiteFideId "24107018"]
[BlackFideId "4803361"]
[WhiteElo "2128"]
[BlackElo "2210"]
[Result "0-1"]
[Round "11"]
[TimeControl "180+2"]
[Date "2023.01.03"]
[WhiteClock "0:00:19"]
[BlackClock "0:00:19"]

1. d4 Nf6 2. c4 g6 3. Nf3 Bg7 4. g3 O-O 5. Bg2 c6 6. O-O d5 7. b3 Bf5 8. Nc3 Nbd7 9. Bb2 Ne4 10. cxd5 Nxc3 11. Bxc3 cxd5 12. Ne5 Nxe5 13. dxe5 Be4 14. f3 Bf5 15. Rc1 Rc8 16. Bd4 b6 17. Qd2 Qd7 18. e3 Rfd8 19. Rfd1 h5 20. Bf1 Qe6 21. Qb2 Rxc1 22. Rxc1 Rc8 23. Rxc8+ Qxc8 24. e6 f6 25. Qa3 Qc7 26. Qb4 Bxe6 27. Qb5 Bf7 28. a4 e5 29. Bb2 Qc5 30. Qe2 Qb4 31. Qd3 Bf8 32. Kg2 Bc5 33. Be2 d4 34. exd4 Bxd4 35. Bxd4 exd4 36. Bd1 Kg7 37. Bc2 a5 38. Qe4 Qc3 39. h4 Qd2+ 40. Kh3 Qe3 41. Qxe3 dxe3 42. Kg2 Bd5 43. Bd1 f5 44. Kf1 g5 45. hxg5 Kg6 46. Ke2 Kxg5 47. Kxe3 f4+ 48. gxf4+ Kf6 49. Kf2 Kf5 50. Kg3 h4+ 51. Kxh4 Kxf4 52. Kh5 Bxf3+ 53. Bxf3 Kxf3 54. Kg5 Ke3 55. Kf5 Kd3 56. Ke5 Kc3 57. Kd5 Kxb3 58. Kc6 Kxa4 59. Kxb6 Kb4 0-1


[Site "https://www.chess.com"]

[Event "Titled Tuesday Blitz January 03 Early 2023"]
[White "Alfaro, William"]
[Black "Krstic, Milos"]
[WhiteFideId "6100457"]
[BlackFideId "954888"]
[WhiteElo "2134"]
[BlackElo "2183"]
[Result "1-0"]
[Round "11"]
[TimeControl "180+2"]
[Date "2023.01.03"]
[WhiteClock "0:01:10"]
[BlackClock "0:00:18"]

1. Nf3 d5 2. g3 c6 3. Bg2 Nf6 4. O-O g6 5. d3 Bg7 6. Nbd2 O-O 7. e4 Nbd7 8. Re1 dxe4 9. dxe4 e5 10. Nc4 Qc7 11. Bg5 b5 12. Qd6 Qxd6 13. Nxd6 h6 14. Be3 Ng4 15. a4 Nxe3 16. Rxe3 b4 17. Nd2 Nb6 18. a5 Nd7 19. a6 Nc5 20. Nxc8 Rfxc8 21. Nc4 Rab8 22. Bf1 Ne6 23. Bh3 Re8 24. Bxe6 Rxe6 25. Rd3 Bf8 26. Rd7 Bc5 27. Kg2 Kf8 28. Rad1 Bd4 29. c3 bxc3 30. bxc3 Bxc3 31. Rxa7 Bd4 32. Rc7 Ra8 33. Rb1 Rxa6 34. Rb8+ Kg7 35. Rbb7 Rf6 36. Nd6 Rxd6 37. Rxf7+ Kg8 38. Rfc7 Rf6 39. Rg7+ Kf8 40. Rh7 Rxf2+ 41. Kh3 Rb6 42. Rh8# 1-0


[Site "https://www.chess.com"]

[Event "Titled Tuesday Blitz January 03 Early 2023"]
[White "Kukula, Pawel"]
[Black "Gutierrez Anaya, Yeison Joel"]
[WhiteFideId "1115081"]
[BlackFideId "3903273"]
[WhiteElo "2135"]
[BlackElo "2125"]
[Result "1-0"]
[Round "11"]
[TimeControl "180+2"]
[Date "2023.01.03"]
[WhiteClock "0:00:24"]
[BlackClock "0:00:04"]

1. d4 Nf6 2. Bg5 g6 3. Nc3 d5 4. Qd2 Bg7 5. Bh6 Bxh6 6. Qxh6 c5 7. dxc5 Qa5 8. O-O-O Qxc5 9. e3 Nc6 10. Bb5 a6 11. Ba4 Be6 12. h3 b5 13. Bb3 d4 14. exd4 Nxd4 15. Bxe6 Nxe6 16. Nf3 Qxf2 17. Rd2 Qc5 18. Rhd1 Qh5 19. Qe3 O-O 20. Ne5 Rfd8 21. g4 Qh4 22. Nc6 Rxd2 23. Nxe7+ Kg7 24. Qxd2 Qxh3 25. g5 Ng8 26. Ned5 h6 27. gxh6+ Qxh6 28. Ne3 Rd8 29. Ncd5 Qg5 30. Kb1 b4 31. Qxb4 Nf6 32. Qc3 Nf4 33. Nxf6 Rxd1+ 34. Nxd1 Qxf6 35. Qe3 Nd5 36. Qd2 Qe5 37. a3 f5 38. Nf2 f4 39. Nd3 Qe3 40. Qa5 Qg1+ 41. Ka2 Qd4 42. Qxa6 f3 43. Qb7+ Kh6 44. Qc8 Qc4+ 45. Qxc4 1-0


[Site "https://www.chess.com"]

[Event "Titled Tuesday Blitz January 03 Early 2023"]
[White "Liu, Kelsey"]
[Black "Gholami Orimi, Mahdi"]
[WhiteFideId "30944481"]
[BlackFideId "12558486"]
[WhiteElo "2065"]
[BlackElo "2420"]
[Result "0-1"]
[Round "11"]
[TimeControl "180+2"]
[Date "2023.01.03"]
[WhiteClock "0:00:30"]
[BlackClock "0:02:10"]

1. e4 c5 2. Nf3 d6 3. Nc3 Nf6 4. e5 Nfd7 5. exd6 e6 6. Nb5 Na6 7. d4 Qb6 8. Be3 Bxd6 9. dxc5 Bxc5 10. Bxc5 Qxc5 11. Nd6+ Ke7 12. Nxc8+ Raxc8 13. Bxa6 bxa6 14. O-O Qxc2 15. Qd4 Rhd8 16. Qxg7 Qg6 17. Qxg6 hxg6 18. Rac1 Nc5 19. Rfd1 Rxd1+ 20. Rxd1 Na4 21. b3 Nc3 22. Ra1 Nxa2 23. Kf1 Rc1+ 24. Rxc1 Nxc1 25. Nd4 Kd6 26. Ke1 Kc5 27. Nf3 Nxb3 28. Ng5 a5 29. Nxf7 a4 30. Ne5 a3 0-1


[Site "https://www.chess.com"]

[Event "Titled Tuesday Blitz January 03 Early 2023"]
[White "Ilkhomi, Jaloliddin"]
[Black "Babikov, Ivan"]
[WhiteFideId "14700948"]
[BlackFideId "4161106"]
[WhiteElo "1997"]
[BlackElo "2239"]
[Result "1-0"]
[Round "11"]
[TimeControl "180+2"]
[Date "2023.01.03"]
[WhiteClock "0:00:10"]
[BlackClock "0:00:02"]

1. Nf3 d5 2. b3 Nf6 3. Bb2 g6 4. e3 Bg7 5. d4 O-O 6. Nbd2 Bf5 7. Bd3 Ne4 8. O-O c5 9. Ne5 Nxd2 10. Qxd2 Bxd3 11. Qxd3 Nc6 12. Nxc6 bxc6 13. Rfd1 cxd4 14. exd4 Qc7 15. c4 Rad8 16. Rac1 Qd7 17. cxd5 cxd5 18. Rc5 e6 19. Rdc1 Rc8 20. Qa6 Rxc5 21. Rxc5 Qe7 22. b4 Rb8 23. a3 Bf8 24. Qd3 Qg5 25. Bc1 Qf6 26. Rc7 Bg7 27. Be3 e5 28. dxe5 Qxe5 29. Rd7 Qa1+ 30. Qf1 Qxa3 31. Rxd5 Qxb4 32. Bxa7 Ra8 33. Bc5 Qc3 34. g3 h6 35. Qe2 Ra1+ 36. Kg2 Qc1 37. Kh3 Qf1+ 38. Qxf1 Rxf1 39. Rd8+ Kh7 40. Rd7 Rc1 41. Be3 Rc6 42. Rxf7 Kg8 43. Rd7 h5 44. Kg2 Re6 45. h4 Rc6 46. Kf3 Rf6+ 47. Ke4 Re6+ 48. Kd5 Ra6 49. Rd8+ Kh7 50. Rd7 Kg8 51. Bg5 Ra2 52. Rd8+ Kh7 53. Rd7 Kg8 54. f4 Rd2+ 55. Ke6 Re2+ 56. Kd6 Rd2+ 57. Ke7 Re2+ 58. Kd8 Ra2 59. Rb7 Ra8+ 60. Kd7 Ra2 61. Rb3 Rd2+ 62. Kc6 Rc2+ 63. Kd5 Rd2+ 64. Ke4 Re2+ 65. Kf3 Rc2 66. Rb6 Rc3+ 67. Kg2 Rc2+ 68. Kh3 Kh7 69. Rb7 Kg8 70. Rb6 Kh7 71. Bf6 Bxf6 72. Rxf6 Kg7 73. Rd6 Ra2 74. Rd1 Rc2 75. Rh1 Ra2 76. Rg1 Rc2 77. Rg2 Rc1 78. Rd2 Ra1 79. Kg2 Kf6 80. Rd3 Kg7 81. Kf3 Ra4 82. Rd7+ Kh6 83. Rd6 Rb4 84. Ke3 Ra4 85. Rd4 Ra3+ 86. Rd3 Ra4 87. Rb3 Rc4 88. Kd3 Ra4 89. Kc3 Re4 90. Kb2 Re2+ 91. Kc3 Re3+ 92. Kc4 Re2 93. Kd5 Rd2+ 94. Ke4 Re2+ 95. Re3 Ra2 96. Rd3 Ra4+ 97. Ke5 Ra5+ 98. Ke6 Ra6+ 99. Rd6 Ra3 100. f5 Rxg3 101. Kf7 Kh7 102. fxg6+ Kh8 103. Rd8# 1-0


[Site "https://www.chess.com"]

[Event "Titled Tuesday Blitz January 03 Early 2023"]
[White "Buscar, Michael"]
[Black "Ginzburg, Yakov"]
[WhiteFideId "2603616"]
[BlackFideId "4157176"]
[WhiteElo "2041"]
[BlackElo "2405"]
[Result "0-1"]
[Round "11"]
[TimeControl "180+2"]
[Date "2023.01.03"]
[WhiteClock "0:00:10"]
[BlackClock "0:00:28"]

1. d4 d5 2. c4 c6 3. Nc3 Nf6 4. Nf3 dxc4 5. e3 b5 6. a4 b4 7. Na2 e6 8. Bxc4 Bb7 9. O-O Be7 10. b3 Nbd7 11. Bb2 O-O 12. Nc1 a5 13. Nd3 c5 14. Nde5 cxd4 15. Bxd4 Nxe5 16. Nxe5 Bd5 17. Qe2 Rc8 18. Rfd1 Bxc4 19. Nxc4 Qe8 20. Nxa5 Nd5 21. Nc4 f6 22. Nb6 Nxb6 23. Bxb6 Rc3 24. Rd3 Qc6 25. Bd4 Rxd3 26. Qxd3 e5 27. Bb2 Rd8 28. Qe2 Qd5 29. a5 Qxb3 30. a6 Bc5 31. h4 Ba7 32. Rc1 e4 33. h5 Kf8 34. h6 Qd3 35. hxg7+ Kxg7 36. Rc7+ Kh6 37. Qg4 Qd1+ 38. Qxd1 Rxd1+ 39. Kh2 Bb8 40. g3 Bxc7 41. Bxf6 Bb6 0-1


[Site "https://www.chess.com"]

[Event "Titled Tuesday Blitz January 03 Early 2023"]
[White "Odegov, Artem"]
[Black "Novikova, Galina"]
[WhiteFideId "34183644"]
[BlackFideId "4157095"]
[WhiteElo "2261"]
[BlackElo "2073"]
[Result "1-0"]
[Round "11"]
[TimeControl "180+2"]
[Date "2023.01.03"]
[WhiteClock "0:00:21"]
[BlackClock "0:00:16"]

1. e4 e6 2. Nf3 d5 3. e5 Bd7 4. c4 c5 5. Nc3 d4 6. Ne4 Nc6 7. Bd3 Qc7 8. O-O Nxe5 9. Nxe5 Qxe5 10. Re1 Qc7 11. b4 b6 12. bxc5 bxc5 13. Ba3 Be7 14. Rb1 Nf6 15. Nxf6+ Bxf6 16. Qh5 Rc8 17. Rb5 Be7 18. Rbb1 h6 19. f4 O-O 20. f5 Bg5 21. Re2 exf5 22. h4 g6 23. Qf3 Bxh4 24. Rb7 Qd6 25. Qd5 Qg3 26. Rxd7 Qxd3 27. Re6 Qg3 28. Re2 Bf6 29. Bxc5 d3 30. Bxf8 Rxf8 31. Re8 Qg4 32. Qxf7+ Kh8 33. Qh7# 1-0


[Site "https://www.chess.com"]